 Dungeon Sprint DCSS version 0.19.1-1-g22dce08 (webtiles) character file.

36 esteth the Covered (level 3, -7/36 HPs)
             Began as a Minotaur Fighter on Jan 8, 2017.
             Was an Initiate of Qazlal.
             Killed from afar by a deep elf knight (25 damage)
             ... with a shard of ice
             ... in the Dungeon (Sprint V: "Ziggurat Sprint").
             The game lasted 00:01:30 (104 turns).

esteth the Covered (Minotaur Fighter)                Turns: 104, Time: 00:01:31

Health: -7/36      AC: 22    Str: 33    XL:     3   Next: 19%
Magic:  2/2        EV:  6    Int:  5    God:    Qazlal [......]
Gold:   0          SH:  0    Dex:  9    Spells: 0 memorised, 2 levels left

rFire  . . .     SeeInvis .     n - +5 executioner's axe
rCold  . . .     Gourm    .     l - +5 crystal plate armour
rNeg   . . .     Faith    .     (shield currently unavailable)
rPois  .         Spirit   .     (helmet restricted)
rElec  .         Reflect  .     (no cloak)
rCorr  .         Harm     .     (no gloves)
MR     .....     NoTele   +     (no boots)
Stlth  ..........               (no amulet)
                                I - +6 ring of strength
                                H - +6 ring of strength

@: no status effects
A: retaliatory headbutt, horns 2
a: Renounce Religion


You were in the Dungeon.
You worshipped Qazlal.
Qazlal was noncommittal.
You were not hungry.

You visited 1 branch

Inventory:

Hand Weapons
 a - a +0 war axe
 n - a +5 executioner's axe (weapon)
Armour
 l - a +5 crystal plate armour (worn)
Jewellery
 D - a +6 ring of dexterity
 E - a +6 ring of dexterity
 F - a +6 ring of intelligence
 G - a +6 ring of intelligence
 H - a +6 ring of strength (left hand)
 I - a +6 ring of strength (right hand)
 J - an uncursed ring of flight
Wands
 y - a wand of disintegration (7/24)
 A - a wand of iceblast (5/15)
 B - a wand of lightning (5/15)
 C - a wand of acid (5/15)
Scrolls
 b - 4 scrolls of amnesia
 c - 3 scrolls of recharging
 k - 4 scrolls of blinking
 m - 7 scrolls of fog
 o - a scroll of holy word
 p - 5 scrolls of identify
 q - 5 scrolls of remove curse
 r - 2 scrolls of fear
 L - 4 scrolls of enchant weapon
Potions
 d - 6 potions of might
 e - 10 potions of curing
 g - 10 potions of heal wounds
 h - 6 potions of haste
 i - 7 potions of magic
 j - 3 potions of berserk rage
 u - 2 potions of brilliance
 v - 2 potions of invisibility
 w - 4 potions of resistance
 x - a potion of experience
 z - 5 potions of agility
Comestibles
 f - 5 bread rations {@e1}
 s - 42 fruits
 t - 4 meat rations {@e2}
 K - 2 chunks of flesh {@w0}


   Skills:
 + Level 5.6 Fighting
 * Level 5.0 Axes
 + Level 5.7 Armour
   Level 3.6 Shields


You had 2 spell levels left.
You didn't know any spells.

Dungeon Overview and Level Annotations

Branches:
Dungeon (1/1)

Altars:
Ashenzari
Cheibriados
Dithmenos
Elyvilon
Fedhas
Gozag
Hepliaklqana
Kikubaaqudgha
Makhleb
Nemelex Xobeh
Okawaru
Qazlal
Ru
Sif Muna
Trog
Uskayaw
Vehumet
Xom
Yredelemnul
Zin
The Shining One
Beogh
Jiyva
Lugonu


Innate Abilities, Weirdness & Mutations

You reflexively headbutt those who attack you in melee.
You have a pair of horns on your head.


Message History

The deep elf mage shouts!
The deep elf knight shouts!
The deep elf knight unwields an uncursed long sword.
The deep elf knight drops an uncursed long sword.
The deep elf knight picks up a +4 rod of ignition (12/12).
The deep elf knight wields a +4 rod of ignition (12/12).
The deep elf mage unwields an uncursed dagger.
The deep elf mage drops an uncursed dagger.
The deep elf mage picks up a cursed staff of death.
The deep elf mage wields a cursed staff of death.
Found three items.
The deep elf mage gestures at you while chanting.
The bolt of fire hits you!
The deep elf knight casts a spell at you.
The shard of ice hits you!
Your crystal plate armour prevents you from hitting the deep elf knight.
Your crystal plate armour prevents you from hitting the earth elemental.
The deep elf knight gestures at you while chanting.
The shard of ice hits you!
Ouch! That really hurt!
You die...

▓▓▓▓▓▓▓▓▓▓▓▓▓
▓.8©8.▓.8©8.▓
▓.))[.▓.....▓
▓.....▓.)...▓
▓.....▓.%...▓
▓..Ee.▓.....▓
▓..e@.▓.....▓
▓.....▓▓▓▓▓▓▓
▓▓▓▓▓▓▓


You could see a deep elf knight, an earth elemental and a deep elf mage.

Vanquished Creatures
  An iguana (D)
  A river rat (D)
2 creatures vanquished.

Notes
Turn   | Place    | Note
-------+----------+-------------------------------------------
     0 | D        | esteth the Minotaur Fighter began the quest for the Orb.
     0 | D        | Reached XP level 1. HP: 19/19 MP: 0/0
    13 | D        | Found a blossoming altar of Fedhas.
    25 | D        | Found a viscous altar of Jiyva.
    25 | D        | Found a hazy altar of Hepliaklqana.
    25 | D        | Found an opulent altar of Gozag.
    25 | D        | Found an ancient bone altar of Kikubaaqudgha.
    25 | D        | Found a corrupted altar of Lugonu.
    39 | D        | Found a burning altar of Makhleb.
    40 | D        | Found a sacrificial altar of Ru.
    40 | D        | Found a deep blue altar of Sif Muna.
    40 | D        | Found a stormy altar of Qazlal.
    40 | D        | Found a bloodstained altar of Trog.
    40 | D        | Found an iron altar of Okawaru.
    40 | D        | Found a sparkling altar of Nemelex Xobeh.
    70 | D        | Became a worshipper of Qazlal Stormbringer
    82 | D        | Entered arena 1.
    82 | D        | Noticed an iguana
    84 | D        | Killed an iguana
    84 | D        | Reached skill level 5 in Fighting
    84 | D        | Reached skill level 5 in Armour
    84 | D        | Reached XP level 2. HP: 25/29 MP: 1/1
    87 | D        | Reached skill level 5 in Axes
    87 | D        | Reached XP level 3. HP: 30/36 MP: 2/2
    99 | D        | Entered arena 2.
    99 | D        | Noticed a deep elf mage
    99 | D        | Noticed a deep elf knight
    99 | D        | Noticed an earth elemental
   104 | D        | Killed from afar by a deep elf knight

Skill      XL: |  1  2 |
---------------+-------+-----
Fighting       | 5 |  5.6
Axes           | 4 5 |  5.0
Armour         | 5 |  5.7
Shields        | |  3.6

Action                   || total
-------------------------++-------
Melee: Executioner's axe ||     5
Armor: Crystal plate arm ||     5
